 Dungeon Crawl Stone Soup version 0.30-a0-1164-ge08a67761e (webtiles) character file.

Game seed: 13137079909753516067

29624 jasper the Eclecticist (level 13, 0/60 HPs)
             Began as a Spriggan Conjurer on Apr 29, 2023.
             Was a High Priest of Sif Muna.
             Succumbed to a black mamba's poison
             ... on level 5 of the Lair of Beasts.
             The game lasted 00:30:49 (19359 turns).

jasper the Eclecticist (Spriggan Conjurer)         Turns: 19359, Time: 00:30:50

Health: 0/60       AC: 10    Str:  3    XL:     13   Next: 16%
Magic:  14/35      EV: 19    Int: 25    God:    Sif Muna [*****.]
Gold:   566        SH:  0    Dex: 13    Spells: 20/46 levels left

rFire   . . .        M - staff of conjuration
rCold   + . .        (shield currently unavailable)
rNeg    . . .        L - +2 robe {rC+}
rPois   +            (helmet restricted)
rElec   .            v - +1 cloak
rCorr   .            (gloves unavailable)
SInv    +            (boots unavailable)
Will    ++...        (no amulet)
Stlth   ++           g - +4 ring of protection
HPRegen 0.30/turn    i - ring of poison resistance
MPRegen 0.24/turn

%: no passive effects
@: lethally poisoned (0 -> -6), very quick
A: very small, no large weapons, unfitting armour, see invisible, speed 3
a: Renounce Religion, Channel Magic, Forget Spell, Divine Exegesis


You were on level 5 of the Lair of Beasts.
You worshipped Sif Muna.
Sif Muna was extremely pleased with you.
You visited 3 branches of the dungeon, and saw 18 of its levels.
You also visited: Sewer.

You collected 1034 gold pieces.
You spent 468 gold pieces at shops.

Inventory:

Hand Weapons
 c - a +0 short sword
 m - a +2 whip of electrocution
Missiles
 b - 8 curare-tipped darts
 I - 3 throwing nets
Armour
 a - a +0 robe
 v - a +1 cloak (worn)
 L - a +2 robe of cold resistance (worn)
Magical Staves
 C - a staff of earth
 M - a staff of conjuration (weapon)
Jewellery
 f - a ring of resist corrosion
 g - a +4 ring of protection (left hand)
 i - a ring of poison resistance (right hand)
 u - a ring of ice
 y - an amulet of reflection
 D - a ring of ice
 F - a +6 ring of strength
 T - a ring of protection from fire
Wands
 h - a wand of polymorph (14)
 A - a wand of roots (20)
 B - a wand of mindburst (6)
 J - a wand of charming (1)
 O - a wand of flame (16)
 P - a wand of digging (7)
Scrolls
 o - a scroll of amnesia
 p - 3 scrolls of teleportation
 r - 10 scrolls of identify
 t - 7 scrolls of immolation
 x - 3 scrolls of blinking
 H - 2 scrolls of torment
 K - 2 scrolls of enchant armour
 N - a scroll of fog
 R - 2 scrolls of fear
 S - a scroll of silence
Potions
 d - 3 potions of mutation
 e - 9 potions of curing
 j - 2 potions of invisibility
 k - 5 potions of attraction
 l - 4 potions of haste
 n - 3 potions of flight
 q - 2 potions of berserk rage
 w - 2 potions of might
 z - a potion of degeneration
 E - a potion of ambrosia
 G - 3 potions of heal wounds
 Q - a potion of brilliance
 U - 3 potions of magic
Miscellaneous
 s - a tin of tremorstones (1/2)


   Skills:
 + Level 3.4 Fighting
 + Level 6.4 Dodging
 - Level 3.0 Stealth
 - Level 17.3 Spellcasting
 - Level 5.0 Conjurations
 - Level 8.0 Hexes
 * Level 10.1 Summonings
 - Level 9.5 Translocations
 + Level 0.9 Invocations


You had 20 spell levels left.
You knew the following spells:

 Your Spells              Type           Power      Damage    Failure   Level
a - Magic Dart            Conj           100%       1d8       1%          1
b - Searing Ray           Conj           100%       2d8       1%          2
c - Fulminant Prism       Conj/Hex       34%        3d15      1%          4
d - Iskenderun's Mystic   Conj/Tloc      72%        2d15      1%          4
e - Blink                 Tloc           100%       N/A       1%          2
f - Summon Cactus Giant   Summ           32%        N/A       5%          6
g - Mephitic Cloud        Conj/Pois/Air  44%        N/A       3%          3
h - Summon Lightning Spi  Summ/Air       46%        N/A       3%          4

Your spell library contained the following spells:

 Spells                   Type           Power      Damage    Failure   Level
 Call Imp                 Summ           100%       N/A       1%          2
 Lesser Beckoning         Tloc           100%       N/A       1%          2
 Static Discharge         Conj/Air       100%       2-7/arc   1%          2
 Dazzling Flash           Conj/Hex       100%       N/A       1%          3
 Gell's Gravitas          Tloc           62%        N/A       1%          3
 Teleport Other           Tloc           62%        N/A       1%          3
 Cause Fear               Hex            29%        N/A       1%          4
 Manifold Assault         Tloc           62%        N/A       1%          4
 Necrotise                Necr           84%        1d8       2%          1
 Sting                    Tmut/Pois      84%        1d7       2%          1
 Cigotuvi's Dreadful Rot  Necr/Pois/Air  42%        N/A       3%          2
 Poisonous Vapours        Pois/Air       42%        N/A       3%          2
 Scorch                   Fire           42%        2d6       3%          2
 Anguish                  Hex/Necr       20%        N/A       4%          4
 Ignite Poison            Fire/Tmut/Pois 21%        N/A       7%          3
 Ozocubu's Armour         Ice            21%        N/A       7%          3
 Vampiric Draining        Necr           21%        2d7       7%          3
 Flame Wave               Conj/Fire      50%        2d12      9%          4
 Sticky Flame             Conj/Fire      50%        2d7       9%          4
 Metabolic Englaciation   Hex/Ice        20%        N/A       12%         5
 Airstrike                Air            10%        2d(2-18)  24%         4
 Dispel Undead            Necr           21%        3d11      24%         4
 Olgreb's Toxic Radiance  Pois           21%        N/A       24%         4
 Petrify                  Tmut/Erth      21%        N/A       24%         4
 Freezing Cloud           Conj/Ice/Air   22%        6-21      32%         5
 Agony                    Necr           21%        N/A       54%         5
 Enfeeble                 Hex            29%        N/A       58%         7
 Death Channel            Necr           10%        N/A       98%         6
 Statue Form              Tmut/Erth      14%        N/A       98%         6
 Ozocubu's Refrigeration  Ice            10%        4d9       100%        7
 Storm Form               Tmut/Air       10%        N/A       100%        7
 Ignition                 Fire           10%        3d5       100%        8


Dungeon Overview and Level Annotations

Branches:
Dungeon (12/15)            Temple (1/1) D:5            Lair (5/5) D:8
  Snake (0/4) Lair:2          Orc (0/2) D:10          Sewer (visited)
  Swamp: Lair:2-3    Shoals: Lair:2-3     Slime: Lair:4-5

Altars:
Ashenzari
Cheibriados
Dithmenos
Elyvilon
Fedhas
Gozag
Hepliaklqana
Kikubaaqudgha
Makhleb
Nemelex Xobeh
Okawaru
Qazlal
Ru
Sif Muna
Trog
Uskayaw
Vehumet
Wu Jian
Xom
Yredelemnul
Zin
The Shining One

Shops:
D:7 [   D:8 (   D:10 :

Annotations:
D:3 3 runed translucent doors, NateTC's ghost, weakling DgHu
D:5 3 runed translucent doors, 13Fox's ghost, amateur DsHu; AiryTheDragon's ghost, novice DrCj; Ihaveafatcat's ghost, novice HOFi; rinse's ghost, weakling KoDe; superbruh's ghost, novice DsDe
D:7 exclusion: door
D:10 2 transporters
Lair:4 2 transporters, hito's ghost, journeyman AtFi


Innate Abilities, Weirdness & Mutations

You are very small and have problems with some larger weapons.
You are too small for most types of armour.
You have supernaturally acute eyesight. (SInv)
You cover ground extremely quickly. (Speed+++)


Message History

The black mamba attacks as you move away!
The black mamba bites you but does no damage.
Your cactus giant closely misses the black mamba.
Your lightning spire shoots out a bolt of lightning at the elephant!
The bolt of electricity hits the elephant.
You completely miss the black mamba. The black mamba bites you.
The elephant tramples something.
The elephant trunk-slaps something but does no damage.
The black mamba closely misses you.
The elephant tramples something but does no damage.
The elephant trunk-slaps something but does no damage.
You take 3 damage, and have 45/60 hp.
You closely miss the black mamba. The black mamba completely misses you.
Your cactus giant barely misses the elephant.
The black mamba bites you.
You are poisoned.
The black mamba poisons you!
The elephant tramples the fungus!
The fungus begins to die.
The elephant trunk-slaps the fungus.
The elephant tramples something.
The elephant trunk-slaps something but does no damage.
You take 5 damage, and have 40/60 hp.
You hit the black mamba but do no damage.
You feel very sick. The black mamba closely misses you.
The black mamba bites you!
The elephant tramples something!
The elephant trunk-slaps something but does no damage.
The elephant tramples the fungus!!
The elephant trunk-slaps the fungus.
You take 19 damage, and have 21/60 hp.
MASSIVE DAMAGE!!
You barely miss the black mamba.
You feel sick. The black mamba closely misses you. The black mamba bites you!
* * * LOW HITPOINT WARNING * * *
The elephant tramples the fungus!!
The elephant trunk-slaps the fungus.
The elephant tramples something but does no damage.
The elephant trunk-slaps something but does no damage.
Your cactus giant hits the elephant with a +0 giant spiked club!!
The black mamba bites you!
* * * LOW HITPOINT WARNING * * *
You take 19 damage, and have 2/60 hp.
MASSIVE DAMAGE!!
You hit the black mamba but do no damage.
You die...

......#........##
.......<........##
##......#........###
##.#...##.....P...##
##.....####8Y.....#
#P.... #.#C.....#
##..... ####Y.#.##
.#.... #..PS####
#####....#..@#
#.......# #.(.....#
###.....# ##..#.#
###.## #


You could see 2 elephants, a black mamba (ally target) and a friendly cactus
giant (summoned).

Vanquished Creatures
  Fannar (Lair:2)
  Erolcha (D:11)
  3 hydras
  A death yak (Lair:4)
  Amaemon (Lair:1)
  Pikel (D:7)
  An ugly thing (D:11)
  A manticore (D:11)
  2 black mambas (Lair:2)
  3 elephants
  An orange demon (Lair:1)
  4 cane toads
  A gargoyle (D:12)
  2 unseen horrors (D:11)
  A torpor snail (Lair:2)
  3 komodo dragons
  A kobold demonologist (D:9)
  2 trolls
  A polar bear (Lair:2)
  16 blink frogs
  A slime creature (D:12)
  A shadow (D:7)
  A wraith (D:10)
  2 wyverns
  2 basilisks
  19 yaks
  A steam dragon (Lair:1)
  12 vampire mosquitoes
  2 acid dragons (D:9)
  12 water moccasins
  4 black bears
  2 ice beasts
  A sky beast (D:6)
  4 orc warriors
  8 wolves
  9 centaurs
  4 ogres
  3 lemures (D:7)
  3 gnoll sergeants
  4 kobold brigands
  3 scorpions
  10 bullfrogs
  5 wights (D:8)
  4 killer bees (D:8)
  7 howler monkeys
  7 hounds
  2 orc priests
  3 jellies
  A sleepcap (D:4)
  4 orc wizards
  2 hell rats (Lair:2)
  10 gnolls
  7 adders
  12 river rats
  A shadow imp (D:6)
  4 white imps
  2 worms
  21 orcs
  9 ball pythons
  8 endoplasms
  8 giant cockroaches
  6 goblins
  6 hobgoblins
  7 jackals
  18 kobolds
  2 quokkas (D:2)
  4 bats
  4 frilled lizards (D:2)
  8 rats
  A bush (Lair:2)
328 creatures vanquished.

Vanquished Creatures (collateral kills)
  2 hydras (Lair:4)
  3 elephants (Lair:5)
  A cane toad (Lair:4)
  A komodo dragon (Lair:4)
  A polar bear (Lair:4)
  A nameless horror (Lair:4)
  A yak (Lair:4)
  A wolf (Lair:2)
11 creatures vanquished.

Vanquished Creatures (others)
  148 fulminant prisms
  124 fungi
  137 plants
409 creatures vanquished.

Grand Total: 748 creatures vanquished

Notes
Turn   | Place    | Note
-------+----------+-------------------------------------------
     0 | D:1      | jasper the Spriggan Conjurer began the quest for the Orb.
     0 | D:1      | Reached XP level 1. HP: 9/9 MP: 5/5
   203 | D:1      | Reached skill level 3 in Spellcasting
   318 | D:1      | Reached XP level 2. HP: 13/13 MP: 2/7
   901 | D:1      | Learned a level 2 spell: Searing Ray
  1181 | D:2      | Found a sacrificial altar of Ru.
  1255 | D:2      | Reached XP level 3. HP: 17/17 MP: 6/8
  1279 | D:2      | Became a worshipper of Ru the Awakened
  2190 | D:3      | Found a runed translucent gate.
  2411 | D:3      | Found a runed translucent gate.
  2412 | D:3      | Found a runed translucent gate.
  2413 | D:3      | Noticed NateTC's ghost (weakling DgHu)
  2453 | D:3      | Reached skill level 1 in Fighting
  2588 | D:3      | Reached skill level 4 in Spellcasting
  2588 | D:3      | Reached XP level 4. HP: 22/22 MP: 1/11
  2593 | D:3      | Learned a level 4 spell: Fulminant Prism
  2598 | D:3      | Learned a level 4 spell: Iskenderun's Mystic Blast
  2700 | D:3      | Found a glowing drain.
  2798 | Sewer    | Entered a sewer
  2823 | Sewer    | Reached skill level 1 in Translocations
  2823 | Sewer    | Reached XP level 5. HP: 13/25 MP: 1/12
  2997 | Sewer    | Reached skill level 1 in Hexes
  3087 | Sewer    | Found a glowing silver altar of Zin.
  4357 | D:4      | Found an opulent altar of Gozag.
  4367 | D:4      | Reached XP level 6. HP: 30/30 MP: 10/14
  4848 | D:4      | Reached skill level 5 in Spellcasting
  5592 | D:5      | Entered Level 5 of the Dungeon
  5593 | D:5      | Found a staircase to the Ecumenical Temple.
  5593 | D:5      | Noticed a water moccasin
  5600 | D:5      | Killed a water moccasin
  5609 | Temple   | Entered the Ecumenical Temple
  5731 | Temple   | Fell from the grace of Ru
  5731 | Temple   | Became a worshipper of Sif Muna the Loreminder
  5823 | D:5      | Found a runed translucent gate.
  5824 | D:5      | Found a runed translucent gate.
  5825 | D:5      | Found a runed translucent gate.
  5826 | D:5      | Noticed superbruh's ghost (novice DsDe)
  5827 | D:5      | Noticed Ihaveafatcat's ghost (novice HOFi)
  5827 | D:5      | Noticed AiryTheDragon's ghost (novice DrCj)
  5827 | D:5      | Noticed rinse's ghost (weakling KoDe)
  5827 | D:5      | Noticed 13Fox's ghost (amateur DsHu)
  5834 | D:5      | Reached XP level 7. HP: 35/35 MP: 11/16
  6008 | D:5      | Reached skill level 6 in Spellcasting
  6934 | D:6      | Reached skill level 7 in Spellcasting
  6934 | D:6      | Reached XP level 8. HP: 39/39 MP: 5/19
  7107 | D:7      | Reached skill level 5 in Translocations
  7212 | D:7      | Found Ismem's Armour Shop.
  7270 | D:7      | Identified the +3 trident of Saltpetre {antimagic, +Blink
                  | rF- rCorr}
  7384 | D:7      | Reached skill level 8 in Spellcasting
  7598 | D:7      | Learned a level 2 spell: Blink
  7663 | D:7      | Noticed Pikel
  7680 | D:7      | Killed Pikel
  7681 | D:7      | Reached skill level 5 in Hexes
  7886 | D:7      | Reached skill level 9 in Spellcasting
  7886 | D:7      | Reached XP level 9. HP: 41/42 MP: 17/23
  7939 | D:7      | Noticed a boulder beetle
  8053 | D:7      | Reached * piety under Sif Muna
  8054 | D:7      | Reached skill level 5 in Conjurations
  8536 | D:8      | Reached skill level 10 in Spellcasting
  8962 | D:8      | Found Caw Heoh's Antique Weapon Boutique.
  9304 | D:8      | Learned a level 6 spell: Summon Cactus Giant
  9397 | D:8      | Found a staircase to the Lair.
  9580 | D:8      | Reached skill level 11 in Spellcasting
 10385 | D:9      | Reached skill level 1 in Summonings
 10385 | D:9      | Reached XP level 10. HP: 47/47 MP: 17/26
 10437 | D:9      | Reached skill level 5 in Dodging
 10471 | D:9      | Identified the +3 dagger of the Spider {spect, Fragile
                  | rElec Str+6 Dex+3}
 10491 | D:9      | Reached ** piety under Sif Muna
 10598 | D:9      | Found an iron altar of Okawaru.
 10601 | D:9      | Found a stormy altar of Qazlal.
 10601 | D:9      | Found a sparkling altar of Nemelex Xobeh.
 10602 | D:9      | Found a broken altar of Ashenzari.
 11877 | D:10     | Entered Level 10 of the Dungeon
 11877 | D:10     | Found a transporter.
 11877 | D:10     | Found a transporter.
 11908 | D:10     | Found a shimmering altar of Xom.
 11908 | D:10     | Found a hazy altar of Hepliaklqana.
 11908 | D:10     | Found a snail-covered altar of Cheibriados.
 12211 | D:10     | Reached skill level 12 in Spellcasting
 12688 | D:10     | Learned a level 3 spell: Mephitic Cloud
 12691 | D:10     | Found Pintin's Book Emporium.
 12741 | D:10     | Bought a book of Hexes for 468 gold pieces
 12762 | D:10     | Found a staircase to the Orcish Mines.
 12912 | D:11     | Noticed a manticore
 12918 | D:11     | Reached *** piety under Sif Muna
 12921 | D:11     | Killed a manticore
 12922 | D:11     | Noticed Erolcha
 12932 | D:11     | Killed Erolcha
 12933 | D:11     | Reached XP level 11. HP: 21/52 MP: 0/28
 13089 | D:11     | Noticed a brown ugly thing
 13108 | D:11     | Killed a brown ugly thing
 13187 | D:11     | Reached skill level 13 in Spellcasting
 13257 | D:11     | Reached skill level 5 in Summonings
 13875 | D:12     | Noticed a cyan ugly thing
 13892 | D:12     | Noticed a brown ugly thing
 14097 | Lair:1   | Entered Level 1 of the Lair of Beasts
 14113 | Lair:1   | Reached skill level 14 in Spellcasting
 14257 | Lair:1   | Noticed Amaemon
 14390 | Lair:1   | Killed Amaemon
 14393 | Lair:1   | Reached **** piety under Sif Muna
 14581 | Lair:1   | Reached XP level 12. HP: 53/56 MP: 7/31
 14581 | Lair:1   | Noticed a four-headed hydra
 14603 | Lair:1   | Killed a four-headed hydra
 14604 | Lair:1   | Reached skill level 15 in Spellcasting
 15850 | Lair:2   | Noticed Fannar
 15868 | Lair:2   | Killed Fannar
 16145 | Lair:2   | Found a staircase to the Snake Pit.
 16383 | Lair:2   | Reached skill level 16 in Spellcasting
 16609 | Lair:2   | Noticed an eight-headed hydra
 16637 | Lair:2   | Killed an eight-headed hydra
 17323 | Lair:3   | Noticed a five-headed hydra
 17333 | Lair:3   | Killed a five-headed hydra
 17528 | Lair:3   | Noticed an eight-headed hydra
 17977 | Lair:3   | Noticed a dire elephant
 18105 | Lair:4   | Found a transporter.
 18234 | Lair:4   | Noticed a death yak
 18260 | Lair:4   | Killed a death yak
 18261 | Lair:4   | Reached skill level 17 in Spellcasting
 18283 | Lair:4   | Noticed a death yak
 18285 | Lair:4   | Noticed a death yak
 18285 | Lair:4   | Noticed a death yak
 18287 | Lair:4   | Noticed a death yak
 18289 | Lair:4   | Noticed a death yak
 18320 | Lair:4   | Noticed a six-headed hydra
 18350 | Lair:4   | Reached ***** piety under Sif Muna
 18538 | Lair:4   | Killed a six-headed hydra
 18539 | Lair:4   | Reached XP level 13. HP: 60/60 MP: 24/35
 18551 | Lair:4   | Noticed hito's ghost (journeyman AtFi)
 18561 | Lair:4   | Received a gift from Sif Muna
 18881 | Lair:4   | Learned a level 4 spell: Summon Lightning Spire
 19039 | Lair:4   | Found a transporter.
 19060 | Lair:4   | Reached skill level 10 in Summonings
 19312 | Lair:5   | Entered Level 5 of the Lair of Beasts
 19358 | Lair:5   | HP: 2/60 [black mamba (7)]
 19359 | Lair:5   | Succumbed to a black mamba's poison

Illustrated notes

Levels and vault maps discovered:
D:1:      nicolae_arrival_memento_mori, layout_basic
D:2:      minmay_skewed_foursquare, layout_loops_ring, basic_altar
D:3:      layout_loops_corners, gup_sewer_entry_glass,
          gammafunk_ghost_necromancy
D:4:      minmay_angry_zag, layout_basic, lemuel_doored_altar,
          minmay_misc_feat_pillars, kennysheep_nondescript, cheibrodos_gnoll_hut
D:5:      layout_rooms, minmay_temple_entry_ruins, gammafunk_ghost_cemetery,
          serial_bayou_lagoon_b
D:6:      layout_loops_cross, mainiacjoe_overflow_brackets, serial_shops,
          nicolae_shop_tiny_glass, centaur_isle, uniq_edmund
D:7:      layout_rooms, serial_shops, shop, kennysheep_pointless_box,
          chequers_decorated_corner, minmay_shattered_shrine, uniq_pikel
D:8:      layout_basic, due_lair_maze_entry_diamond, serial_shops, shop
D:9:      layout_roguey, grunt_temple_overflow_open, grunt_ogre_cave,
          roderic_serpentine_path
D:10:     layout_basic, chequers_temple_overflow_statue_of_worship, orc_0_dummy,
          serial_shops, nicolae_shop_statue_plus, nicolae_diode_stairs
D:11:     layout_rooms, uniq_erolcha
D:12:     layout_cave_pools
Temple:   dshaligram_water_room_temple
Lair:1:   layout_gridlike, uniq_amaemon
Lair:2:   layout_concentric_octagons, minmay_snake_entry_six_corridors,
          kennysheep_rathole, uniq_fannar
Lair:3:   mu_elephants_graveyard, layout_hall_layers, minmay_swamp_entry_swarm
Lair:4:   layout_gridlike, gauntlet_entry_generic,
          gammafunk_ghost_berserking_beasts
Lair:5:   cheibrodos_lair_end_hotspot, layout_concentric_octagons,
          minmay_slime_entry_jelly_boxes

Skill      XL: |  1  2  3  4  5  6  7  8  9 10 11 12 13 |
---------------+----------------------------------------+-----
Conjurations   | 3 4 5 |  5.0
Spellcasting   | 3 4 5 7 9 11 12 14 17 | 17.3
Dodging        | 3 4 6 |  6.4
Fighting       | 1 2 3 |  3.4
Translocations | 1 2 3 4 6 8 9 |  9.5
Hexes          | 1 2 3 5 7 8 |  8.0
Summonings     | 1 4 7 9 10 | 10.1
Stealth        | |  3.0
Invocations    | |  0.9

Action                     |  1- 3 |  4- 6 |  7- 9 | 10-12 | 13-15 || total
---------------------------+-------+-------+-------+-------+-------++-------
  Melee: Unarmed           |     2 |       |       |       |       ||     2
         Whip              |       |    17 |    12 |       |       ||    29
         Dagger            |       |       |       |    14 |       ||    14
         Staff             |       |       |       |    44 |    11 ||    55
   Cast: Magic Dart        |   105 |    54 |    89 |    67 |       ||   315
         Searing Ray       |     5 |    20 |    30 |     8 |       ||    63
         Fulminant Prism   |       |     1 |    32 |   111 |     4 ||   148
         Iskenderun's Myst |       |       |    11 |   122 |       ||   133
         Mephitic Cloud    |       |       |       |     2 |       ||     2
         Summon Cactus Gia |       |       |       |     4 |     9 ||    13
         Summon Lightning  |       |       |       |       |     4 ||     4
 Invoke: Reject Sacrifices |       |     1 |       |       |       ||     1
  Evoke: Wand              |       |       |       |    11 |       ||    11
         Tin of tremorston |       |       |       |     3 |       ||     3
    Use: Scroll            |     5 |       |    15 |     5 |       ||    25
         Potion            |       |     1 |       |     2 |       ||     3
   Stab: Sleeping          |       |     1 |       |       |       ||     1
         Confused          |       |       |       |     1 |       ||     1
 Armour: Robe              |     4 |     2 |    13 |    44 |     7 ||    70
  Dodge: Dodged            |    21 |    52 |    65 |   115 |    30 ||   283

Table legend: (Time is in decaauts)
 A = Elapsed time spent in this place.
 B = Non-inter-level travel time spent in this place.
 C = Inter-level travel time spent in this place.
 D = Time resting spent in this place.
 E = Time spent auto-exploring this place.
 F = Levels seen in this place.
 G = Mean time per level.
                   A        B        C        D        E       F      G
               +--------+--------+--------+--------+--------+-----+--------+
         Total |  15702 |  15280 |    422 |   2360 |  10727 |  19 |  826.4 |
       Dungeon |  11316 |  10977 |    339 |   1766 |   7900 |  12 |  943.0 |
        Temple |    107 |     98 |      9 |      0 |     86 |   1 |  107.0 |
          Lair |   3940 |   3866 |     74 |    594 |   2478 |   5 |  788.0 |
         Sewer |    338 |    338 |      0 |      0 |    262 |   1 |  338.0 |
               +--------+--------+--------+--------+--------+-----+--------+

Top non-repeatable levels by time:
     D:8: 2076 daAuts
  Lair:2: 1986 daAuts
     D:9: 1259 daAuts
     D:4: 1231 daAuts
     D:7: 1064 daAuts
     D:3: 1033 daAuts
  Lair:4: 1020 daAuts
     D:2: 971 daAuts
    D:11: 960 daAuts
    D:10: 828 daAuts
  Lair:1: 739 daAuts
     D:1: 721 daAuts
     D:6: 614 daAuts
     D:5: 508 daAuts
   Sewer: 338 daAuts
